 Dungeon Crawl Stone Soup version 0.30-a0-29-g142975f185 (webtiles) character file.

Game seed: 14054734271922637681

245 purpskrrrp the Poker (level 6, 0/48 HPs)
             Began as a Merfolk Fighter on Aug 26, 2022.
             Slain by Pikel
             ... wielding a +1 whip of flaming
              (1 damage)
             ... on level 4 of the Dungeon.
             The game lasted 00:05:24 (3139 turns).

purpskrrrp the Poker (Merfolk Fighter)              Turns: 3139, Time: 00:05:25

Health: 0/48       AC:  8    Str: 16    XL:     6   Next: 10%
Magic:  6/6        EV: 14    Int: 14    God:
Gold:   254        SH:  5    Dex: 15    Spells: 5/5 levels left

rFire   . . .      SeeInvis .    l - +2 dagger (elec)
rCold   . . .      Faith    .    c - +0 buckler
rNeg    . . .      Spirit   .    b - +0 scale mail
rPois   .          Reflect  .    o - +0 helmet
rElec   .          Harm     .    (no cloak)
rCorr   .          Rampage  .    f - +0 pair of gloves
Will    .....                    (no boots)
Stlth   ..........               (no amulet)
HPRegen 0.16/turn                m - +6 ring of intelligence
MPRegen 0.10/turn                x - +4 ring of evasion

@: mighty
A: (nimble swimmer 2), mertail
a: no special abilities


You were on level 4 of the Dungeon.
You visited 1 branch of the dungeon, and saw 4 of its levels.

You collected 254 gold pieces.

Inventory:

Hand Weapons
 a - a +0 trident
 l - a +2 dagger of electrocution (weapon)
Missiles
 t - 6 javelins (quivered)
 v - 5 curare-tipped darts
Armour
 b - a +0 scale mail (worn)
 c - a +0 buckler (worn)
 f - a +0 pair of gloves (worn)
 o - a +0 helmet (worn)
Jewellery
 m - a +6 ring of intelligence (left hand)
 x - a +4 ring of evasion (right hand)
Wands
 s - a wand of roots (8)
 u - a wand of mindburst (7)
Scrolls
 e - 7 scrolls of identify {unknown}
 g - 2 scrolls of poison {unknown}
 h - a scroll of noise {unknown}
 j - 2 scrolls of blinking {unknown}
 n - a scroll of teleportation {unknown}
 p - 2 scrolls of enchant weapon {unknown}
 w - a scroll of amnesia {unknown}
Potions
 d - 2 potions of might
 i - a potion of cancellation {unknown}
 k - a potion of brilliance {unknown}
 q - a potion of magic {unknown}
 r - a potion of heal wounds {unknown}
 z - a potion of lignification {unknown}


   Skills:
 + Level 4.0 Fighting
 * Level 5.0 Polearms
 + Level 2.7 Armour
 * Level 3.8 Dodging
 + Level 3.6 Shields


You had 5 spell levels left.
You didn't know any spells.
Your spell library contained the following spells:

 Spells                   Type           Power      Damage    Failure   Level
 Foxfire                  Conj/Fire      0%         2x1d4     80%         1
 Conjure Flame            Conj/Fire      0%         6-21      99%         3
 Inner Flame              Hex/Fire       0%         N/A       99%         3
 Flame Wave               Conj/Fire      0%         2d4       100%        4


Dungeon Overview and Level Annotations

Branches:
Dungeon (4/15)
 Temple: D:4-7

Altars:
Makhleb
Vehumet

Annotations:
D:4 Pikel


Innate Abilities, Weirdness & Mutations

((You are very nimble when in or above water. (Stealth+, EV+, Speed+++)))
Your lower body shifts to a powerful aquatic tail in water.


Message History

You hit the lemure.
The lemure is lightly wounded.
You closely miss Pikel. You hit Pikel but do no damage.
Pikel hits you with a +1 whip of flaming.
Pikel burns you.
You closely miss Pikel.
Pikel cracks his whip.
Pikel misses you.
You hit Pikel but do no damage. Pikel barely misses you.
You hit Pikel but do no damage.
Pikel hits you with a +1 whip of flaming.
Pikel burns you.
You hit Pikel. Lightning courses through Pikel!
Pikel is moderately wounded.
You block Pikel's attack.
You barely miss Pikel.
Pikel is moderately wounded.
Pikel hits you with a +1 whip of flaming!
Pikel burns you.
You feel very mighty all of a sudden.
Pikel says, "You'll make a fine lemure."
Pikel hits you with a +1 whip of flaming.
Pikel burns you.
* * * LOW HITPOINT WARNING * * *
You closely miss Pikel.
Pikel is moderately wounded.
Pikel hits you but does no damage.
You puncture Pikel!
Pikel is severely wounded.
Pikel hits you with a +1 whip of flaming.
* * * LOW HITPOINT WARNING * * *
Pikel burns you.
* * * LOW HITPOINT WARNING * * *
You barely miss Pikel.
Pikel is severely wounded.
Pikel hits you with a +1 whip of flaming.
* * * LOW HITPOINT WARNING * * *
Pikel burns you.
You die...

#.###.#...#
###.##.###..#
#.####........#..#
#........##.#.#..#
#####...###......
##.## .....## #.#
#.#..# #.# .#..#
#@# .. .. #K# #.
#5# #5# #5# #5#
#.# #.#


You could see Pikel and 4 lemures.

Vanquished Creatures
  A hound (D:4)
  A jelly (D:3)
  An iguana (D:3)
  Robin (D:4)
  4 gnolls (D:4)
  3 adders
  4 dart slugs
  An orc (D:3)
  4 bats
  7 endoplasms
  3 giant cockroaches
  16 goblins
  6 hobgoblins
  A quokka (D:1)
  4 ball pythons
  4 frilled lizards
  6 kobolds
  8 rats
75 creatures vanquished.

Notes
Turn   | Place    | Note
-------+----------+-------------------------------------------
     0 | D:1      | purpskrrrp the Merfolk Fighter began the quest for the Orb.
     0 | D:1      | Reached XP level 1. HP: 18/18 MP: 1/1
   239 | D:1      | Reached skill level 1 in Dodging
   239 | D:1      | Reached XP level 2. HP: 24/24 MP: 2/2
   240 | D:1      | Reached skill level 3 in Polearms
   356 | D:1      | Found a faded altar of an unknown god.
   899 | D:2      | Reached XP level 3. HP: 29/29 MP: 3/3
  1318 | D:2      | Found a radiant altar of Vehumet.
  1356 | D:2      | You fall into a shaft and drop 1 floor!
  1443 | D:3      | Reached XP level 4. HP: 36/36 MP: 4/4
  1480 | D:3      | Reached skill level 4 in Polearms
  1661 | D:3      | Found a burning altar of Makhleb.
  1738 | D:3      | Reached XP level 5. HP: 28/42 MP: 5/5
  2776 | D:4      | Noticed Robin
  2780 | D:4      | Reached XP level 6. HP: 26/48 MP: 6/6
  2787 | D:4      | Killed Robin
  2788 | D:4      | Reached skill level 5 in Polearms
  2984 | D:4      | Found a radiant altar of Vehumet.
  3123 | D:4      | Noticed Pikel
  3139 | D:4      | HP: 1/48 [Pikel/+1 whip of flaming (4)]
  3139 | D:4      | Slain by Pikel

Illustrated notes

Levels and vault maps discovered:
D:1:      matt_arrival_refuge, layout_basic, serial_bayou, serial_bayou_shore_a,
          serial_bayou_shore_b, serial_bayou_ford_a, serial_bayou_pond_a,
          hellmonk_ecumenical_altar_arch_garden
D:2:      layout_loops_ring, basic_altar
D:3:      layout_loops_ring, mainiacjoe_overflow_boulevard, st_stairs_4,
          nrook_mini_vaults, reono_crystal_passage, grunt_decor_arrowhead,
          chequers_serial_rivers_micro_b, dreamdust_wishing_well
D:4:      layout_loops_ring, vehumet_crystals, uniq_pikel, uniq_robin

Skill      XL: |  1  2  3  4  5  6 |
---------------+-------------------+-----
Dodging        | 1 2 3 |  3.8
Polearms       | 3 4 5 |  5.0
Fighting       | 4 |  4.0
Armour         | |  2.7
Shields        | |  3.6

Action                   |  1- 3 |  4- 6 || total
-------------------------+-------+-------++-------
Melee: Trident           |    80 |       ||    80
       Dagger            |    19 |   149 ||   168
  Use: Potion            |       |     1 ||     1
Armor: Scale mail        |    36 |    39 ||    75
Dodge: Dodged            |    32 |    74 ||   106
Block: Buckler           |    21 |    30 ||    51

Table legend: (Time is in decaauts)
 A = Elapsed time spent in this place.
 B = Non-inter-level travel time spent in this place.
 C = Inter-level travel time spent in this place.
 D = Time resting spent in this place.
 E = Time spent auto-exploring this place.
 F = Levels seen in this place.
 G = Mean time per level.
                   A        B        C        D        E       F      G
               +--------+--------+--------+--------+--------+-----+--------+
         Total |   3134 |   3033 |    101 |    328 |   2166 |   4 |  783.5 |
       Dungeon |   3134 |   3033 |    101 |    328 |   2166 |   4 |  783.5 |
               +--------+--------+--------+--------+--------+-----+--------+

Top non-repeatable levels by time:
     D:3: 1034 daAuts
     D:1: 853 daAuts
     D:2: 780 daAuts
     D:4: 466 daAuts
